 Dungeon Crawl Stone Soup version 0.30.1-4-g462c640d31 (webtiles) character file.

Game seed: 3236277573749039797

11654 Almogavar the Zephyrmancer (level 11, -12/83 HPs)
             Began as a Gnoll Wanderer on Sept 16, 2023.
             Was a High Priest of Okawaru.
             Mangled by a shadow (25 damage)
             ... on level 11 of the Dungeon on Sept 17, 2023.
             The game lasted 00:39:32 (11162 turns).

Almogavar the Zephyrmancer (Gnoll Wanderer)        Turns: 11162, Time: 00:39:33

Health: -12/83     AC: 13    Str: 19    XL:     11   Next: 81%
Magic:  22/22      EV: 13    Int: 12    God:    Okawaru [*****.]
Gold:   908        SH: 10    Dex: 14    Spells: 23/25 levels left

rFire   . . .        a - +2 mace (venom)
rCold   . . .        A - +0 kite shield
rNeg    . . .        n - +0 ring mail
rPois   .            q - +0 helmet
rElec   .            (no cloak)
rCorr   .            (no gloves)
SInv    .            o - +0 pair of boots
Will    .....        G - amulet of the acrobat
Stlth   +++          g - +4 ring of protection
HPRegen 0.33/turn    u - +6 ring of strength
MPRegen 0.18/turn

%: acrobat
@: no status effects
A: fangs 1, strong nose, distributed training
a: Renounce Religion, Heroism, Finesse, Duel


You were on level 11 of the Dungeon.
You worshipped Okawaru.
Okawaru was extremely pleased with you.
You visited 2 branches of the dungeon, and saw 12 of its levels.
You also visited: Ossuary.

You collected 908 gold pieces.

Inventory:

Hand Weapons
 a - a +2 mace of venom (weapon)
 O - a +6 heavy great mace
 W - the +10 falchion of Dung {elec, *Noise rPois Str+5}
   (You found it on level 9 of the Dungeon)

   Str:       It affects your strength (+5).
   rPois:     It protects you from poison.
   *Noise:    It may make noises in combat.
Missiles
 e - 18 poisoned darts (quivered)
 v - 5 curare-tipped darts
Armour
 n - a +0 ring mail (worn)
 o - a +0 pair of boots (worn)
 q - a +0 helmet (worn)
 t - a +0 scale mail
 A - a +0 kite shield (worn)
 U - a +0 plate armour
Jewellery
 g - a +4 ring of protection (left hand)
 p - a ring of poison resistance
 u - a +6 ring of strength (right hand)
 D - a ring of willpower
 E - an amulet of guardian spirit
 G - an amulet of the acrobat (around neck)
 V - a ring of protection from cold
Wands
 K - a wand of polymorph (5)
 L - a wand of paralysis (17)
 S - a wand of iceblast (10)
 Y - a wand of mindburst (2)
Scrolls
 c - 5 scrolls of teleportation
 d - 2 scrolls of fear
 f - a scroll of blinking
 h - 4 scrolls of enchant armour
 l - a scroll of magic mapping
 m - 2 scrolls of brand weapon
 r - 3 scrolls of butterflies
 w - a scroll of immolation {unknown}
 x - 2 scrolls of noise {unknown}
 y - a scroll of silence {unknown}
 B - 4 scrolls of fog
 C - 3 scrolls of poison {unknown}
 F - 2 scrolls of amnesia {unknown}
 I - 3 scrolls of enchant weapon {unknown}
 Q - a scroll of torment {unknown}
Potions
 i - 2 potions of lignification
 j - 2 potions of mutation
 k - 4 potions of heal wounds
 s - 2 potions of brilliance {unknown}
 z - 4 potions of curing
 H - 3 potions of cancellation {unknown}
 J - 2 potions of attraction {unknown}
 M - a potion of magic {unknown}
 N - a potion of resistance {unknown}
 P - a potion of berserk rage {unknown}
 R - a potion of haste {unknown}
 T - 4 potions of flight {unknown}
 X - 3 potions of might {unknown}
Miscellaneous
 b - a piece from Xom's chessboard (15/15)
 Z - a box of beasts


   Skills:
 + Level 6.9 Fighting
 + Level 6.9 Short Blades
 + Level 6.9 Long Blades
 + Level 6.9 Axes
 + Level 8.3 Maces & Flails
 + Level 6.9 Polearms
 + Level 6.9 Staves
 + Level 6.9 Ranged Weapons
 + Level 6.9 Throwing
 + Level 6.9 Armour
 + Level 7.4 Dodging
 + Level 6.9 Stealth
 + Level 6.9 Shields
 + Level 6.9 Unarmed Combat
 + Level 7.5 Spellcasting
 + Level 5.7 Conjurations
 + Level 5.7 Hexes
 + Level 5.7 Summonings
 + Level 5.7 Necromancy
 + Level 5.7 Translocations
 + Level 5.7 Transmutations
 + Level 5.7 Fire Magic
 + Level 5.7 Ice Magic
 + Level 9.2 Air Magic
 + Level 5.7 Earth Magic
 + Level 5.7 Poison Magic
 + Level 7.5 Invocations
 + Level 8.3 Evocations


You had 23 spell levels left.
You knew the following spells:

 Your Spells              Type           Power      Damage    Failure   Level
a - Poisonous Vapours     Pois/Air       44%        N/A       3%          2

Your spell library contained the following spells:

 Spells                   Type           Power      Damage    Failure   Level
 Cigotuvi's Dreadful Rot  Necr/Pois/Air  42%        N/A       4%          2
 Beastly Appendage        Tmut           36%        N/A       5%          1
 Kiss of Death            Conj/Necr      72%        2d10      5%          1
 Sandblast                Erth           36%        2d10      5%          1
 Passwall                 Tmut/Erth      15%        N/A       8%          2
 Wereblood                Tmut           18%        N/A       8%          2
 Confusing Touch          Hex            18%        N/A       16%         3
 Dazzling Flash           Conj/Hex       36%        N/A       16%         3
 Spider Form              Tmut/Pois      18%        N/A       16%         3
 Stone Arrow              Conj/Erth      36%        3d9       16%         3
 Volatile Blastmotes      Fire/Tloc      36%        2d13      16%         3
 Dispel Undead            Necr           18%        3d11      45%         4
 Iskenderun's Mystic Bla  Conj/Tloc      18%        2d6       45%         4
 Starburst                Conj/Fire      9%         6d5       100%        6


Dungeon Overview and Level Annotations

Branches:
Dungeon (11/15)            Temple (1/1) D:4            Lair (0/5) D:8
    Orc (0/2) D:11        Ossuary (visited)

Altars:
Ashenzari
Cheibriados
Dithmenos
Elyvilon
Fedhas
Gozag
Hepliaklqana
Kikubaaqudgha
Makhleb
Nemelex Xobeh
Okawaru
Qazlal
Ru
Sif Muna
Trog
Uskayaw
Vehumet
Wu Jian
Xom
Yredelemnul
Zin
The Shining One


Innate Abilities, Weirdness & Mutations

You have very sharp teeth.
Your uncanny sense of smell can sniff out nearby items.
Your experience applies equally to all skills.


Message History

You closely miss the yak. You bite the yak, but do no damage.
The yak is severely wounded.
The yak gores you!
You hit the yak.
The yak looks as sick as possible!
The yak is severely wounded.
The shadow slips into darkness.
The shadow flickers and vanishes!
Deactivating autopickup; reactivate with Ctrl-A.
You block the yak's attack.
You hit the yak.
The yak looks as sick as possible!
The yak is almost dead.
You block the yak's attack.
You hit the yak. You bite the yak, but do no damage.
The yak is almost dead.
You kill the yak!
Okawaru accepts your kill.
You closely miss something.
The shadow strikes at you from the darkness!
* * * LOW HITPOINT WARNING * * *
Reactivating autopickup.
You hit the shadow.
The shadow is lightly damaged.
The shadow barely misses you.
You hit the shadow but do no damage.
The shadow is lightly damaged.
The shadow barely misses you.
You completely miss the shadow.
The shadow is lightly damaged.
You hit the shadow but do no damage.
The shadow is lightly damaged.
The shadow closely misses you.
You thump the shadow! You bite the shadow.
The shadow is heavily damaged.
The shadow slips into darkness.
The shadow flickers and vanishes!
Deactivating autopickup; reactivate with Ctrl-A.
You closely miss something.
You feel like a meek peon again.
The shadow strikes at you from the darkness!
You die...

#..........# #.........#
########'### ########'## #..#
#...# #.## #.### #.# #.# #.#
#.# #####'####
########.######
#........######..............
#........##.@{YY.............
#........#..###..............
#..>.....#.## #..............
#........#)# #..............
#........#.# #.Y............
#.)......')# #.Y............
#........### #..{...........
########## ###.###########
#††......


You could see 2 yaks.

Vanquished Creatures
  A boulder beetle (D:8)
  Amaemon (D:11)
  A deep elf pyromancer (D:7)
  An ugly thing (D:10)
  A gargoyle (D:11)
  A komodo dragon (D:11)
  An orange demon (D:11)
  An unseen horror (D:11)
  A troll (D:10)
  Sigmund (D:2)
  4 wraiths
  2 wyverns
  12 yaks
  5 shadows
  Eustachio (D:6)
  A steam dragon (D:8)
  4 vampire mosquitoes (D:11)
  A water moccasin (D:6)
  An ice beast (D:5)
  4 orc warriors
  A sky beast (D:6)
  A black bear (D:6)
  An ogre (D:4)
  4 centaurs
  3 phantoms
  3 bullfrogs
  2 kobold brigands
  6 scorpions
  A troll zombie (D:11)
  5 killer bees (D:8)
  5 electric eels
  5 howler monkeys (D:8)
  2 lava snakes (D:8)
  A crimson imp (D:9)
  8 orc priests
  2 jellies
  A gnoll bouda (D:4)
  4 hounds
  An iguana (D:6)
  12 orc wizards
  7 ogre zombies (D:11)
  9 mummies
  Robin (D:2)
  6 gnolls
  2 adders
  A shadow imp (D:8)
  A white imp (D:6)
  3 ufetubi
  4 worms
  2 dart slugs (D:4)
  41 orcs
  8 endoplasms
  5 giant cockroaches
  2 gnoll zombies (Ossuary)
  11 goblins
  11 hobgoblins
  3 quokkas
  8 ball pythons
  2 bats
  5 frilled lizards
  2 goblin skeletons (D:11)
  2 goblin zombies (D:11)
  2 hobgoblin skeletons (D:11)
  5 hobgoblin zombies
  13 kobolds
  A kobold zombie (Ossuary)
  3 orc skeletons (D:11)
  16 orc zombies
  2 rats
291 creatures vanquished.

Vanquished Creatures (others)
  An orc (D:8)
1 creature vanquished.

Grand Total: 292 creatures vanquished

Notes
Turn   | Place    | Note
-------+----------+-------------------------------------------
     0 | D:1      | Almogavar the Gnoll Wanderer began the quest for the Orb.
     0 | D:1      | Almogavar set off with the following items: a +2 mace, a
                  | piece from Xom's chessboard (15/15), a scroll of
                  | teleportation, a +0 robe; and the following spells
                  | available to memorise: Poisonous Vapours, Cigotuvi's
                  | Dreadful Rot.
     0 | D:1      | Reached XP level 1. HP: 13/13 MP: 4/4
   107 | D:1      | Reached XP level 2. HP: 19/19 MP: 5/5
   793 | D:2      | Reached XP level 3. HP: 21/25 MP: 7/7
   957 | D:2      | Reached skill level 1 in Invocations
   998 | D:2      | Noticed Robin
  1011 | D:2      | Killed Robin
  1012 | D:2      | Reached skill level 1 in Fighting
  1012 | D:2      | Reached skill level 1 in Short Blades
  1012 | D:2      | Reached skill level 1 in Long Blades
  1012 | D:2      | Reached skill level 1 in Axes
  1012 | D:2      | Reached skill level 1 in Polearms
  1012 | D:2      | Reached skill level 1 in Staves
  1012 | D:2      | Reached skill level 1 in Ranged Weapons
  1012 | D:2      | Reached skill level 1 in Throwing
  1012 | D:2      | Reached skill level 1 in Armour
  1012 | D:2      | Reached skill level 1 in Stealth
  1012 | D:2      | Reached skill level 1 in Shields
  1012 | D:2      | Reached skill level 1 in Unarmed Combat
  1189 | D:2      | Reached XP level 4. HP: 32/32 MP: 8/8
  1337 | D:2      | Noticed Sigmund
  1356 | D:2      | Killed Sigmund
  1357 | D:2      | Reached skill level 1 in Conjurations
  1357 | D:2      | Reached skill level 1 in Hexes
  1357 | D:2      | Reached skill level 1 in Summonings
  1357 | D:2      | Reached skill level 1 in Necromancy
  1357 | D:2      | Reached skill level 1 in Translocations
  1357 | D:2      | Reached skill level 1 in Transmutations
  1357 | D:2      | Reached skill level 1 in Fire Magic
  1357 | D:2      | Reached skill level 1 in Ice Magic
  1357 | D:2      | Reached skill level 1 in Earth Magic
  1357 | D:2      | Reached skill level 1 in Poison Magic
  1357 | D:2      | Reached XP level 5. HP: 4/38 MP: 8/10
  1697 | D:3      | Found a glowing golden altar of the Shining One.
  1708 | D:3      | Reached XP level 6. HP: 44/44 MP: 11/11
  1896 | D:3      | Reached skill level 5 in Maces & Flails
  1896 | D:3      | Reached skill level 5 in Evocations
  2108 | D:3      | Found a glowing silver altar of Zin.
  2109 | D:3      | Found an opulent altar of Gozag.
  2488 | D:3      | Found a blossoming altar of Fedhas.
  2494 | D:3      | Found a white marble altar of Elyvilon.
  2499 | D:3      | Found an ornate altar of the Wu Jian Council.
  2712 | D:4      | Learned a level 2 spell: Poisonous Vapours
  2886 | D:4      | Reached XP level 7. HP: 30/50 MP: 12/12
  3150 | D:4      | Found a staircase to the Ecumenical Temple.
  3169 | Temple   | Entered the Ecumenical Temple
  3193 | Temple   | Became a worshipper of Warmaster Okawaru
  3251 | D:5      | Entered Level 5 of the Dungeon
  3496 | D:5      | Found a sparkling altar of Nemelex Xobeh.
  3571 | D:5      | Found a sacrificial altar of Ru.
  3622 | D:5      | Reached * piety under Okawaru
  3929 | D:6      | Reached XP level 8. HP: 58/58 MP: 14/14
  3952 | D:6      | Found a radiant altar of Vehumet.
  4002 | D:6      | Found a shadowy altar of Dithmenos.
  4360 | D:6      | Noticed Eustachio
  4387 | D:6      | Killed Eustachio
  4441 | D:6      | Found a hazy altar of Hepliaklqana.
  4473 | D:6      | Reached ** piety under Okawaru
  4486 | D:6      | Found a stormy altar of Qazlal.
  4875 | D:7      | Noticed a deep elf pyromancer
  4880 | D:7      | Reached XP level 9. HP: 60/65 MP: 11/16
  4890 | D:7      | Killed a deep elf pyromancer
  4890 | D:7      | Reached *** piety under Okawaru
  4891 | D:7      | Reached skill level 5 in Dodging
  4891 | D:7      | Reached skill level 5 in Spellcasting
  4891 | D:7      | Reached skill level 8 in Air Magic
  5379 | D:7      | Reached skill level 5 in Invocations
  5487 | D:7      | Reached **** piety under Okawaru
  5645 | D:7      | Identified the +0 robe "Heav" {Dex+6}
  5842 | D:8      | Reached skill level 5 in Fighting
  5842 | D:8      | Reached skill level 5 in Short Blades
  5842 | D:8      | Reached skill level 5 in Long Blades
  5842 | D:8      | Reached skill level 5 in Axes
  5842 | D:8      | Reached skill level 5 in Polearms
  5842 | D:8      | Reached skill level 5 in Staves
  5842 | D:8      | Reached skill level 5 in Ranged Weapons
  5842 | D:8      | Reached skill level 5 in Throwing
  5842 | D:8      | Reached skill level 5 in Armour
  5842 | D:8      | Reached skill level 5 in Stealth
  5842 | D:8      | Reached skill level 5 in Shields
  5842 | D:8      | Reached skill level 5 in Unarmed Combat
  5842 | D:8      | Reached XP level 10. HP: 67/74 MP: 12/18
  5897 | D:8      | Found a sand-covered staircase.
  5907 | Ossuary  | Entered an ossuary
  6483 | D:8      | Found a staircase to the Lair.
  6677 | D:8      | Noticed a boulder beetle
  6704 | D:8      | Killed a boulder beetle
  7413 | D:9      | Identified the +10 falchion of Dung {elec, *Noise rPois
                  | Str+5}
  7513 | D:9      | Reached ***** piety under Okawaru
  7723 | D:9      | Found a shimmering blue altar of Sif Muna.
  8138 | D:9      | Found a shimmering altar of Xom.
  8138 | D:9      | Found a burning altar of Makhleb.
  8214 | D:10     | Entered Level 10 of the Dungeon
  8613 | D:10     | Reached skill level 5 in Conjurations
  8613 | D:10     | Reached skill level 5 in Hexes
  8613 | D:10     | Reached skill level 5 in Summonings
  8613 | D:10     | Reached skill level 5 in Necromancy
  8613 | D:10     | Reached skill level 5 in Translocations
  8613 | D:10     | Reached skill level 5 in Transmutations
  8613 | D:10     | Reached skill level 5 in Fire Magic
  8613 | D:10     | Reached skill level 5 in Ice Magic
  8613 | D:10     | Reached skill level 5 in Earth Magic
  8613 | D:10     | Reached skill level 5 in Poison Magic
  8613 | D:10     | Reached XP level 11. HP: 63/81 MP: 14/21
  8873 | D:10     | Received a gift from Okawaru
  9060 | D:10     | Noticed a purple ugly thing
  9079 | D:10     | Killed a purple ugly thing
  9079 | D:10     | Received a gift from Okawaru
  9313 | D:11     | Found a staircase to the Orcish Mines.
  9382 | D:11     | Reached skill level 9 in Air Magic
  9783 | D:11     | Identified the +0 robe "Luecrihub" {Slay+5}
 10041 | D:11     | HP: 4/83 [vampire mosquito (10)]
 10713 | D:11     | Noticed Amaemon
 10736 | D:11     | Killed Amaemon
 10747 | D:11     | Received a gift from Okawaru
 11162 | D:11     | Mangled by a shadow

Illustrated notes

Levels and vault maps discovered:
D:1:      spicycebolla_arrival_ecumenical, layout_basic,
          wander_ebering_terrifying_dragon_lair
D:2:      layout_basic, minivault_27, kennysheep_generic_room_3, uniq_robin,
          uniq_sigmund
D:3:      layout_loops_ring, grunt_temple_overflow_gold_and_silver,
          lemuel_doored_altar, minmay_overflow_temple_star_quad,
          small_statue_intersection, minmay_vboxes
D:4:      layout_basic, minmay_temple_entry_trees
D:5:      layout_basic, mainiacjoe_overflow_catch_the_wave
D:6:      layout_basic, lemuel_round_altar, mainiacjoe_overflow_paths,
          nicolae_dithmenos_shadow_blocks, nicolae_vehumet_altar_sigil,
          uniq_eustachio
D:7:      layout_loops_ring, minmay_statues_item
D:8:      layout_basic, lair_entry_dummy, gup_ossuary_entry_pyramid,
          kennysheep_opposing_triangles
D:9:      layout_gridville, grunt_temple_overflow_champion_of_chaos,
          nicolae_sif_muna_condensation, serial_bayou_lake_a
D:10:     layout_irregular_city
D:11:     layout_roguey, zombieorc2_lemuel, uniq_amaemon
Temple:   nicolae_temple_ecumenical_triangle

Skill      XL: |  1  2  3  4  5  6  7  8  9 10 11 |
---------------+----------------------------------+-----
Invocations    | 1 2 3 4 5 6 7 |  7.5
Fighting       | 1 2 3 4 5 6 |  6.9
Short Blades   | 1 2 3 4 5 6 |  6.9
Long Blades    | 1 2 3 4 5 6 |  6.9
Axes           | 1 2 3 4 5 6 |  6.9
Polearms       | 1 2 3 4 5 6 |  6.9
Staves         | 1 2 3 4 5 6 |  6.9
Ranged Weapons | 1 2 3 4 5 6 |  6.9
Throwing       | 1 2 3 4 5 6 |  6.9
Armour         | 1 2 3 4 5 6 |  6.9
Stealth        | 1 2 3 4 5 6 |  6.9
Shields        | 1 2 3 4 5 6 |  6.9
Unarmed Combat | 1 2 3 4 5 6 |  6.9
Dodging        | 3 4 5 6 7 |  7.4
Spellcasting   | 3 4 5 6 7 |  7.5
Conjurations   | 1 2 3 4 5 |  5.7
Hexes          | 1 2 3 4 5 |  5.7
Summonings     | 1 2 3 4 5 |  5.7
Necromancy     | 1 2 3 4 5 |  5.7
Translocations | 1 2 3 4 5 |  5.7
Transmutations | 1 2 3 4 5 |  5.7
Fire Magic     | 1 2 3 4 5 |  5.7
Ice Magic      | 1 2 3 4 5 |  5.7
Earth Magic    | 1 2 3 4 5 |  5.7
Poison Magic   | 1 2 3 4 5 |  5.7
Maces & Flails | 5 6 7 8 |  8.3
Evocations     | 5 6 7 8 |  8.3
Air Magic      | 8 9 |  9.2

Action                     |  1- 3 |  4- 6 |  7- 9 | 10-12 || total
---------------------------+-------+-------+-------+-------++-------
  Melee: Mace              |   113 |   121 |   314 |   823 ||  1371
         Bite              |     9 |    11 |    43 |   111 ||   174
         Punch             |     3 |     4 |       |       ||     7
  Throw: Dart              |       |       |     7 |    30 ||    37
   Cast: Poisonous Vapours |       |       |     2 |     2 ||     4
 Invoke: Heroism           |       |       |       |     5 ||     5
         Finesse           |       |       |       |     2 ||     2
  Evoke: Piece from Xom's  |       |     1 |       |       ||     1
         Wand              |       |       |       |     4 ||     4
    Use: Scroll            |       |     5 |     2 |     7 ||    14
         Potion            |       |       |       |     7 ||     7
   Stab: Sleeping          |     2 |     5 |     3 |     5 ||    15
         Distracted        |       |       |     1 |       ||     1
 Armour: Robe              |    38 |     7 |       |       ||    45
         Troll leather arm |       |    17 |   133 |   163 ||   313
         Leather armour    |       |    10 |       |       ||    10
         Ring mail         |       |       |       |    63 ||    63
  Dodge: Dodged            |    73 |    65 |   155 |   368 ||   661
  Block: Kite shield       |       |       |   136 |   380 ||   516
